 Dungeon Crawl Stone Soup version 0.24.0-7-gb3623d2c88 (webtiles) character file.

Game seed: 3236872461140686290, levelgen mode: deterministic

66 Emblim88 the Shooter (level 3, -1/31 HPs)
             Began as a Centaur Hunter on Nov 2, 2019.
             Was an Initiate of Fedhas.
             Succumbed to a water moccasin's poison
             ... on level 1 of the Dungeon.
             The game lasted 00:04:19 (2080 turns).

Emblim88 the Shooter (Centaur Hunter)               Turns: 2080, Time: 00:04:20

Health: -1/31      AC:  7    Str: 14    XL:     3   Next: 96%
Magic:  3/3        EV:  4    Int: 10    God:    Fedhas [......]
Gold:   52         SH:  0    Dex: 10    Spells: 2/2 levels left

rFire    . . .     SeeInvis .   a - +1 shortbow
rCold    . . .     Gourm    .   (shield currently unavailable)
rNeg     . . .     Faith    .   i - +0 chain mail
rPois    +         Spirit   .   (no helmet)
rElec    .         Reflect  .   (no cloak)
rCorr    .         Harm     .   (no gloves)
MR       .....                  (no barding)
Stlth    ..........             (no amulet)
HPRegen  0.10/turn              m - ring of poison resistance
MPRegen  0.08/turn              (no ring)

@: lethally poisoned (-1 -> -18), very quick
A: large, hooves 3, deformed body, speed 2, tough skin 3
a: Renounce Religion


You were on level 1 of the Dungeon.
You worshipped Fedhas.
Fedhas was noncommittal.
You were very hungry.

You visited 1 branch of the dungeon, and saw 3 of its levels.

You collected 52 gold pieces.

Inventory:

Hand Weapons
 a - a +1 shortbow (weapon)
 b - a +0 short sword
Missiles
 h - 8 stones (quivered)
 j - 5 silver javelins
Armour
 i - a +0 chain mail (worn)
Jewellery
 m - a ring of poison resistance (left hand)
Scrolls
 e - 2 scrolls of remove curse {unknown}
Potions
 c - a potion of flight {unknown}
 k - a potion of curing {unknown}
 l - a potion of mutation {unknown}
Comestibles
 f - 6 rations


   Skills:
 + Level 3.2 Fighting
 + Level 6.4 Bows
 - Level 1.3 Dodging
 - Level 0.4 Stealth
 * Level 0.4 Invocations


You had 2 spell levels left.
You didn't know any spells.
Your spell library was empty.

Dungeon Overview and Level Annotations

Branches:
Dungeon (3/15)

Altars:
Elyvilon
Fedhas
Zin


Innate Abilities, Weirdness & Mutations

You have hooves in place of feet.
Armour fits poorly on your strangely shaped body.
You cover ground very quickly.
You have extremely tough skin. (AC +3)


Message History

The water moccasin bites you.
* * * LOW HITPOINT WARNING * * *
You are more poisoned.
The water moccasin poisons you!
* * * LOW HITPOINT WARNING * * *
You feel sick.
* * * LOW HITPOINT WARNING * * *
You feel sick.
* * * LOW HITPOINT WARNING * * *
You feel sick.
You walk carefully through the plants.
* * * LOW HITPOINT WARNING * * *
You feel sick.
* * * LOW HITPOINT WARNING * * *
You feel sick.
* * * LOW HITPOINT WARNING * * *
You feel sick.
It was a potion of cancellation.
You feel magically purged.
You die...
Fedhas appreciates your contribution to the ecosystem.

#.#### #.........+.............
#.# #......####.......♣.♣...
#.# ###..................#..
#.# #..........#..♣#♣.♣#.. #.#
#..........#......##.. #.#
#.............♣#♣#♣###
#.########.....PPP......#######
#........'......P.......+......
##########.>..@P♣.......#######
#.....♣♣PPP..##.......
##.P..P♣P.P..##.......
#..♣.♣♣♣♣P.P##.......
#(♣..P♣P♣..P##.(.....
##...P♣.....##..♣.♣.♣
#.P..♣P....##.......
#.#.P♣....###..♣.♣.♣
#.##..P..## #.......


There were no monsters in sight!

Vanquished Creatures
  A gnoll (D:1)
  2 adders (D:2)
  An orc (D:2)
  2 ball pythons (D:2)
  7 bats
  A giant cockroach (D:1)
  5 hobgoblins
  3 frilled lizards
  2 goblins (D:1)
  7 kobolds
  9 rats
  A plant (D:1)
41 creatures vanquished.

Vanquished Creatures (others)
  A bush (D:1)
  A plant (D:1)
  10 toadstools (D:2)
12 creatures vanquished.

Grand Total: 53 creatures vanquished

Notes
Turn   | Place    | Note
-------+----------+-------------------------------------------
     0 | D:1      | Emblim88 the Centaur Hunter began the quest for the Orb.
     0 | D:1      | Reached XP level 1. HP: 17/17 MP: 1/1
   105 | D:1      | Reached XP level 2. HP: 25/25 MP: 2/2
   557 | D:1      | Reached skill level 6 in Bows
   557 | D:1      | Reached XP level 3. HP: 27/30 MP: 3/3
  1269 | D:2      | Found a white marble altar of Elyvilon.
  1421 | D:2      | Found a faded altar of an unknown god.
  1598 | D:2      | Found a blossoming altar of Fedhas.
  1616 | D:2      | Noticed an oklob plant
  1624 | D:2      | Became a worshipper of Fedhas Madash
  1792 | D:2      | Found a glowing silver altar of Zin.
  1839 | D:3      | Noticed a water moccasin
  2079 | D:1      | HP: 1/31 [poisoned by a water moccasin]
  2080 | D:1      | Succumbed to a water moccasin's poison

Levels and vault maps discovered:
D:1:      eino_arrival_cavern_e, layout_basic, serial_forest,
          infiniplex_forest_clump_curved, infiniplex_forest_clump_cross,
          infiniplex_forest_fountain, infiniplex_forest_zigzag_1,
          infiniplex_forest_clump_tiny, infiniplex_forest_fountain,
          infiniplex_forest_clump_tiny, infiniplex_forest_straight_4,
          infiniplex_forest_lined_corner, infiniplex_forest_lined_room_2
D:2:      layout_rooms, zin_scriptorium, tgw_fedhas,
          chequers_ecumenical_altar_simple_redux, elyvilon_altar_4
D:3:      layout_loops_ring, lemuel_zombie_altar_kikubaaqudgha

Skill      XL: |  1  2  3 |
---------------+----------+-----
Bows           | 6 |  6.4
Fighting       | 3 |  3.2
Dodging        | |  1.3
Stealth        | |  0.4
Invocations    | |  0.4

Action                   || total
-------------------------++-------
Melee: Short sword       ||    39
       Kick              ||    17
 Fire: Shortbow          ||   109
Throw: Stone             ||    56
  Use: Potion            ||     1
  Eat: Chunk             ||     1
Armor: Leather armour    ||     4
       Chain mail        ||    35
Dodge: Dodged            ||    19
